 Dungeon Crawl Stone Soup version 0.30-a0-696-g2367cd04db (webtiles) character file.

Game seed: 17362615394075286841

20 pokeman the Magician (level 2, -2/16 HPs)
             Began as a Deep Elf Hedge Wizard on Jan 21, 2023.
             Slain by an iguana (8 damage)
             ... on level 4 of the Dungeon.
             The game lasted 00:01:25 (1596 turns).

pokeman the Magician (Deep Elf Hedge Wizard)        Turns: 1596, Time: 00:01:25

Health: -2/16      AC:  2    Str:  7    XL:     2   Next: 58%
Magic:  2/9        EV: 12    Int: 18    God:
Gold:   16         SH:  0    Dex: 14    Spells: 9/10 levels left

rFire   . . .      SeeInvis .    q - +0 whip (vamp)
rCold   . . .      Faith    .    (no shield)
rNeg    . . .      Spirit   .    b - +0 robe
rPois   .          Reflect  .    c - +0 hat
rElec   .          Harm     .    (no cloak)
rCorr   .          Rampage  .    (no gloves)
Will    .....                    (no boots)
Stlth   ++                       (no amulet)
HPRegen 0.22/turn                (no ring)
MPRegen 0.11/turn                (no ring)

@: no status effects
A: no striking features
a: no special abilities


You were on level 4 of the Dungeon.
You visited 1 branch of the dungeon, and saw 3 of its levels.

You collected 16 gold pieces.

Inventory:

Hand Weapons
 q - a +0 vampiric whip (weapon)
Armour
 b - a +0 robe (worn)
 c - a +0 hat (worn)
 k - a +0 buckler
Scrolls
 f - a scroll of identify {unknown}
 l - a scroll of torment {unknown}
 o - a scroll of teleportation {unknown}
 p - a scroll of fear {unknown}
Potions
 d - a potion of magic
 e - a potion of cancellation {unknown}
 g - a potion of mutation {unknown}
 h - 4 potions of curing {unknown}
 i - a potion of ambrosia {unknown}
 j - a potion of attraction {unknown}
 m - a potion of degeneration {unknown}
 n - a potion of heal wounds {unknown}


   Skills:
 + Level 0.5 Fighting
 + Level 0.5 Armour
 - Level 2.4 Dodging
 - Level 2.4 Stealth
 * Level 4.9 Spellcasting
 + Level 1.5 Conjurations
 - Level 1.1 Summonings
 - Level 1.1 Translocations


You had 9 spell levels left.
You knew the following spells:

 Your Spells              Type           Power      Damage    Failure   Level
a - Magic Dart            Conj           40%        1d5       7%          1

Your spell library contained the following spells:

 Spells                   Type           Power      Damage    Failure   Level
 Blink                    Tloc           16%        N/A       13%         2
 Call Imp                 Summ           8%         N/A       13%         2
 Sandblast                Erth           8%         2d5       14%         1
 Slow                     Hex            16%        N/A       14%         1
 Cigotuvi's Dreadful Rot  Necr/Pois/Air  8%         N/A       21%         2
 Passwall                 Tmut/Erth      3%         N/A       21%         2
 Stone Arrow              Conj/Erth      14%        3d7       28%         3
 Mephitic Cloud           Conj/Pois/Air  6%         N/A       32%         3


Dungeon Overview and Level Annotations

Branches:
Dungeon (4/15)
 Temple: D:4-7

Altars:

Shops:
D:1 [


Message History

Press: ? - help, Shift-Dir - straight line, f/p - iguana
Aim: an iguana (lightly wounded, 100% to hit)
The magic dart hits the iguana but does no damage.
The iguana is lightly wounded.
The iguana bites you.
Casting: Magic Dart (safe; 7% risk of failure)
Confirm with . or Enter, or press ? or * to list all spells.
Aiming: Magic Dart (safe; 7% risk of failure)
Press: ? - help, Shift-Dir - straight line, f/p - iguana
Aim: an iguana (lightly wounded, 100% to hit)
The magic dart hits the iguana.
The iguana is moderately wounded.
The iguana bites you.
Casting: Magic Dart (safe; 7% risk of failure)
Confirm with . or Enter, or press ? or * to list all spells.
Aiming: Magic Dart (safe; 7% risk of failure)
Press: ? - help, Shift-Dir - straight line, f/p - iguana
Aim: an iguana (moderately wounded, 100% to hit)
The magic dart hits the iguana.
The iguana is heavily wounded.
The iguana closely misses you.
Casting: Magic Dart (safe; 7% risk of failure)
Confirm with . or Enter, or press ? or * to list all spells.
Aiming: Magic Dart (safe; 7% risk of failure)
Press: ? - help, Shift-Dir - straight line, f/p - iguana
Aim: an iguana (heavily wounded, 100% to hit)
The magic dart hits the iguana.
The iguana is heavily wounded.
The iguana bites you.
You hit the iguana but do no damage.
The iguana is heavily wounded.
The iguana bites you.
You hit the iguana but do no damage.
The iguana is heavily wounded.
The iguana bites you.
You hit the iguana.
You feel better.
The iguana is severely wounded.
The iguana bites you!
Ouch! That really hurt!
You die...

... ...#
...##
#####....#
#.....>...
###.........
#....l†....#
#..@....$.#
###......##
##........
#.........
##.........
#...##.....
#...# .....
#......<##..
##..........


You could see an iguana.

Vanquished Creatures
  A ball python (D:1)
  2 goblins
  4 hobgoblins
  4 kobolds
  A quokka (D:1)
  3 bats (D:1)
  A frilled lizard (D:2)
  A rat (D:1)
17 creatures vanquished.

Notes
Turn   | Place    | Note
-------+----------+-------------------------------------------
     0 | D:1      | pokeman the Deep Elf Hedge Wizard began the quest for the
                  | Orb.
     0 | D:1      | Reached XP level 1. HP: 10/10 MP: 7/7
   503 | D:1      | Reached XP level 2. HP: 15/15 MP: 4/9
   937 | D:1      | Found Hyfios's Armour Shoppe.
  1136 | D:1      | Found a faded altar of an unknown god.
  1444 | D:2      | You fall into a shaft and drop 2 floors!
  1596 | D:4      | Slain by an iguana

Illustrated notes

Levels and vault maps discovered:
D:1:      lightli_arrival_lavapool, layout_loops_corners, serial_shops,
          nicolae_square_shop, ebering_ecumenical_altar_sacrificial
D:2:      layout_loops_cross, serial_shops, nicolae_lakefront_shop,
          nicolae_shop_trees, shop, uniq_terence, uniq_jessica
D:4:      layout_cave_pools, kennysheep_another_room

Action                   || total
-------------------------++-------
Melee: Whip              ||     3
 Cast: Magic Dart        ||    58
Armor: Robe              ||     2
Dodge: Dodged            ||     6

Table legend: (Time is in decaauts)
 A = Elapsed time spent in this place.
 B = Non-inter-level travel time spent in this place.
 C = Inter-level travel time spent in this place.
 D = Time resting spent in this place.
 E = Time spent auto-exploring this place.
 F = Levels seen in this place.
 G = Mean time per level.
                   A        B        C        D        E       F      G
               +--------+--------+--------+--------+--------+-----+--------+
         Total |   1595 |   1569 |     26 |    271 |   1180 |   3 |  531.7 |
       Dungeon |   1595 |   1569 |     26 |    271 |   1180 |   3 |  531.7 |
               +--------+--------+--------+--------+--------+-----+--------+

Top non-repeatable levels by time:
     D:1: 1273 daAuts
     D:2: 170 daAuts
     D:4: 151 daAuts
